 Dungeon Crawl Stone Soup version 0.27.1-33-g824d729ab1 (webtiles) character file.

Game seed: 18329885034736848260

1064 jiml777 the Shield-Bearer (level 8, -10/48 HPs)
             Began as a Gargoyle Fighter on Dec 9, 2021.
             Killed by divine providence
             ... invoked by an orc priest
              (14 damage)
             ... on level 5 of the Dungeon.
             The game lasted 00:27:19 (6206 turns).

jiml777 the Shield-Bearer (Gargoyle Fighter)        Turns: 6206, Time: 00:27:21

Health: -10/48     AC: 17    Str: 20    XL:     8   Next: 27%
Magic:  8/8        EV: 12    Int: 11    God:
Gold:   292        SH: 15    Dex:  9    Spells: 7/7 levels left

rFire    . . .     SeeInvis .   r - +6 mace of Romaxt {venom, rC+}
rCold    + . .     Faith    .   c - +0 kite shield
rNeg     + . .     Spirit   .   b - +0 scale mail
rPois    ∞         Reflect  +   (no helmet)
rElec    +         Harm     .   d - +2 cloak {rCorr}
rCorr    +         Rampage  .   K - +0 pair of gloves
Will     .....                  (no boots)
Stlth    ..........             k - amulet of reflection
HPRegen  0.16/turn              j - +4 ring of evasion
MPRegen  0.11/turn              u - ring of resist corrosion

@: no status effects
A: sickness immunity, AC +5, negative energy resistance 1, electricity
resistance, torment resistance 1, petrification resistance
a: no special abilities


You were on level 5 of the Dungeon.
You visited 1 branch of the dungeon, and saw 5 of its levels.
You also visited: Ossuary.

You collected 292 gold pieces.

Inventory:

Hand Weapons
 a - a +2 war axe
 i - a +1 antimagic hand axe
 r - the +6 mace of Romaxt (weapon) {venom, rC+}
   (You found it on level 5 of the Dungeon)

   It poisons the flesh of those it strikes.
   rC:        It protects you from cold.
 w - a +4 quarterstaff of chaos
 y - a +1 whip of chaos
Missiles
 h - 144 stones (quivered)
 l - 37 sling bullets
 o - 30 arrows
 q - 11 bolts
 x - 4 poisoned darts
Armour
 b - a +0 scale mail (worn)
 c - a +0 kite shield (worn)
 d - a +2 cloak of preservation (worn)
 K - a +0 pair of gloves (worn)
Jewellery
 j - a +4 ring of evasion (left hand)
 k - an amulet of reflection (around neck)
 s - a ring of fire
 u - a ring of resist corrosion (right hand)
Wands
 z - a wand of paralysis (8)
 H - a wand of flame (23)
Scrolls
 n - 3 scrolls of blinking
 A - 3 scrolls of amnesia
Potions
 e - a potion of cancellation {unknown}
 f - 2 potions of heal wounds
 g - 2 potions of curing
 m - 2 potions of attraction {unknown}
 p - 2 potions of flight {unknown}
 v - 2 potions of mutation {unknown}
 B - a potion of haste {unknown}
 C - a potion of might
 D - a potion of berserk rage {unknown}
 E - 3 potions of resistance
 F - 3 potions of ambrosia {unknown}
 G - a potion of brilliance {unknown}
 I - a potion of lignification {unknown}
 J - a potion of experience {unknown}


   Skills:
 + Level 4.8 Fighting
 - Level 4.5(4.7) Axes
 + Level 2.1(4.5) Maces & Flails
 + Level 3.4(3.7) Staves
 + Level 4.8 Armour
 - Level 1.5 Dodging
 + Level 0.5 Stealth
 + Level 5.4 Shields
 * Level 1.3 Evocations


You had 7 spell levels left.
You didn't know any spells.
Your spell library contained the following spells:

 Spells                   Type           Power      Damage    Failure   Level
 Freeze                   Ice            0%         1d3       97%         1
 Frozen Ramparts          Ice            0%         1d2       100%        3
 Hailstorm                Conj/Ice       0%         3d3       100%        4


Dungeon Overview and Level Annotations

Branches:
Dungeon (5/15)             Temple (0/1) D:5         Ossuary (visited)

Altars:
Dithmenos
Kikubaaqudgha
Nemelex Xobeh
Qazlal
Xom


Innate Abilities, Weirdness & Mutations

You are immune to sickness and miasma.
Your stone body is resilient. (AC +5)
You are immune to poison.
You resist negative energy. (rN+)
You are resistant to electric shocks. (rElec)
You are resistant to unholy torment.
You are immune to petrification.


Message History

The orc closely misses you. The orc wizard casts a spell at you.
The puff of flame reflects off an invisible shield around you!
The puff of flame hits the orc wizard!
You kill the orc wizard!
The orc hits you with a +2 hand axe of flaming.
The orc burns you. You block the orc priest's attack. x2
Things that are here:
a +0 dagger; a +0 robe; an orc corpse You barely miss the orc priest.
You block the orc's attack. The orc priest misses you.
You block the orc priest's attack. You block the orc's attack.
You completely miss the orc priest.
The orc priest mumbles some strange prayers to Beogh against you.
Beogh smites you! The orc priest closely misses you.
You block the orc's attack.
You sock the orc priest!
The orc priest looks as sick as possible!
The orc priest is severely wounded.
You block the orc priest's attack. The orc priest barely misses you.
The orc hits you with a +2 hand axe of flaming.
The orc burns you. You block the orc priest's attack.
The orc priest hits you but does no damage.
You closely miss the orc priest. You block the orc's attack.
The orc priest closely misses you.
The orc priest calls upon Beogh to heal the orc priest.
The orc priest is healed somewhat.
The orc hits you but does no damage.
You sock the orc priest!
The orc priest is poisoned.
The orc priest is heavily wounded.
The orc priest hits you but does no damage.
The orc priest looks braver for a moment.
You block the orc's attack.
You hit the orc.
The orc is poisoned.
The orc is almost dead.
The orc priest calls down the wrath of Beogh upon you.
Beogh smites you!
* * * LOW HITPOINT WARNING * * *
The orc priest invokes the aid of Beogh against you.
Beogh smites you!
You die...

#........<.#
#.#**,***,,,**
#..........#
###*,,,*,,,,,*
#..........# *,⌠,*,,,,,*
#..........# *,,,*,,,,,*
######..........##
**,**,,,,,*
.................#
*,,,,,,,,*
###..............#
**,,,,,,,##
#...)........oo#
*,,,,,>,'.
#...........Oo@#
*,,,,,,,#.
#.....########)#
*,,,,,,,#.
#...>.#........#
********#)
#.....#........######## #.
#.....#........'......##
#.
#########........###.....#
#. #..## #........#
#.....# ## ....##
#........# #.....# ##...#
#........# #.....####


You could see an ogre, 2 orc priests and an orc (very poisoned).

Vanquished Creatures
  Menkaure (Ossuary)
  A necrophage (D:5)
  An ogre (D:5)
  A phantom (D:4)
  A howler monkey (D:5)
  2 bullfrog zombies (D:5)
  2 hounds
  A jelly (D:4)
  An orc priest (D:5)
  Crazy Yiuf (D:3)
  3 iguanas
  2 orc wizards (D:5)
  2 hound skeletons (D:5)
  3 mummies (Ossuary)
  A howler monkey skeleton (D:3)
  5 adders
  3 river rats (D:4)
  2 worms (D:2)
  A dart slug (D:2)
  6 orcs (D:5)
  5 endoplasms
  5 giant cockroaches
  2 gnoll zombies (Ossuary)
  10 goblins
  14 hobgoblins
  3 jackals (D:2)
  3 quokkas
  13 ball pythons
  11 bats
  5 frilled lizards
  3 gnoll skeletons (Ossuary)
  7 goblin skeletons (Ossuary)
  8 goblin zombies (Ossuary)
  2 hobgoblin skeletons (Ossuary)
  3 hobgoblin zombies (Ossuary)
  8 kobolds
  6 kobold skeletons (Ossuary)
  4 kobold zombies (Ossuary)
  4 orc skeletons (Ossuary)
  5 orc zombies (Ossuary)
  3 rats
  3 rat skeletons (Ossuary)
  3 rat zombies (Ossuary)
170 creatures vanquished.

Notes
Turn   | Place    | Note
-------+----------+-------------------------------------------
     0 | D:1      | jiml777 the Gargoyle Fighter began the quest for the Orb.
     0 | D:1      | Reached XP level 1. HP: 14/14 MP: 1/1
   217 | D:1      | Found a faded altar of an unknown god.
   293 | D:1      | Reached XP level 2. HP: 19/19 MP: 2/2
   872 | D:2      | Reached XP level 3. HP: 23/23 MP: 3/3
  1885 | D:2      | Reached XP level 4. HP: 9/29 MP: 4/4
  2814 | D:3      | Found a large runed translucent door.
  2814 | D:3      | Found a large runed translucent door.
  3006 | D:3      | Found an ancient bone altar of Kikubaaqudgha.
  3016 | D:3      | Found a stormy altar of Qazlal.
  3516 | D:3      | Found a runed translucent door.
  3517 | D:3      | Noticed Crazy Yiuf
  3525 | D:3      | Killed Crazy Yiuf
  3526 | D:3      | Reached skill level 4 in Shields
  3526 | D:3      | Reached XP level 5. HP: 13/33 MP: 5/5
  3908 | D:3      | Found a shimmering altar of Xom.
  3982 | D:4      | Noticed a phantom
  4015 | D:4      | Killed a phantom
  4016 | D:4      | Reached XP level 6. HP: 26/38 MP: 6/6
  4309 | D:4      | Found a sand-covered staircase.
  4314 | Ossuary  | Entered an ossuary
  4374 | Ossuary  | Reached skill level 1 in Staves
  4658 | Ossuary  | Noticed Menkaure
  4673 | Ossuary  | Killed Menkaure
  4674 | Ossuary  | Reached skill level 1 in Dodging
  4674 | Ossuary  | Reached XP level 7. HP: 21/44 MP: 7/7
  4938 | D:4      | Found a sparkling altar of Nemelex Xobeh.
  5347 | D:5      | Entered Level 5 of the Dungeon
  5589 | D:5      | Identified the +6 mace of Romaxt {venom, rC+}
  5672 | D:5      | Reached skill level 5 in Shields
  5748 | D:5      | Found a shadowy altar of Dithmenos.
  5854 | D:5      | Reached XP level 8. HP: 46/48 MP: 8/8
  5895 | D:5      | Reached skill level 1 in Maces & Flails
  5907 | D:5      | Reached skill level 1 in Evocations
  6206 | D:5      | Killed from afar by an orc priest

Illustrated notes

Levels and vault maps discovered:
D:1:      mushboom_english_gardens, layout_basic,
          hellmonk_ecumenical_altar_lost_god
D:2:      minmay_skewed_foursquare, layout_loops_corners, grunt_ministairs_5,
          minmay_unequal
D:3:      due_chaos_kobolds, layout_rooms, mainiacjoe_overflow_swirl,
          interstate_on_off, uniq_crazy_yiuf_cottage
D:4:      kennysheep_the_goblin_king, layout_basic,
          nemelex_diamond_rough_becter, portal_sewer_entry_e, enter_ossuary_2
D:5:      layout_basic, nicolae_dithmenos_through_a_glass_darkly,
          minmay_temple_entry_antechambers

Skill      XL: |  1  2  3  4  5  6  7  8 |
---------------+-------------------------+-----
Axes           | 2 3 4 |  4.5
Armour         | 4 |  4.8
Shields        | 4 5 |  5.4
Fighting       | 4 |  4.8
Staves         | 2 3 |  3.4
Dodging        | 1 |  1.5
Maces & Flails | 2 |  2.1
Evocations     | 1 |  1.3
Stealth        | |  0.5

Action                   |  1- 3 |  4- 6 |  7- 9 || total
-------------------------+-------+-------+-------++-------
Melee: War axe           |   124 |    69 |    69 ||   262
       Quarterstaff      |       |   171 |     2 ||   173
       Mace              |       |       |    50 ||    50
  Use: Potion            |       |     1 |       ||     1
       Scroll            |       |     3 |     9 ||    12
Armor: Scale mail        |    47 |    80 |    47 ||   174
Dodge: Dodged            |    47 |   124 |    53 ||   224
Block: Kite shield       |    93 |    69 |   119 ||   281
       Other             |       |    27 |       ||    27
       Reflection        |       |       |     3 ||     3
